 Dungeon Crawl Stone Soup version 0.30-a0-739-gea05faddec (webtiles) character file.

Game seed: 17932898194743557931

39 cforsyth the Firebug (level 3, -1/19 HPs)
             Began as a Tengu Fire Elementalist on Feb 4, 2023.
             Succumbed to an adder's poison
             ... on level 2 of the Dungeon.
             The game lasted 00:01:41 (1288 turns).

cforsyth the Firebug (Tengu Fire Elementalist)      Turns: 1288, Time: 00:01:42

Health: -1/19      AC:  2    Str:  8    XL:     3   Next: 47%
Magic:  6/7        EV: 12    Int: 17    God:
Gold:   77         SH:  0    Dex: 14    Spells: 6/7 levels left

rFire   . . .      SeeInvis .    (no weapon)
rCold   . . .      Faith    .    (no shield)
rNeg    . . .      Spirit   .    a - +0 robe
rPois   .          Reflect  .    (helmet restricted)
rElec   .          Harm     .    (no cloak)
rCorr   .          Rampage  .    (no gloves)
Will    .....                    (boots unavailable)
Stlth   ++                       (no amulet)
HPRegen 0.23/turn                c - ring of flight
MPRegen 0.10/turn                (no ring)

@: lethally poisoned (-1 -> -15), flying
A: beak, talons 3
a: no special abilities


You were on level 2 of the Dungeon.
You visited 1 branch of the dungeon, and saw 2 of its levels.

You collected 77 gold pieces.

Inventory:

Armour
 a - a +0 robe (worn)
Jewellery
 c - a ring of flight (left hand)
 h - a ring of ice
Scrolls
 d - a scroll of identify {unknown}
 e - a scroll of amnesia {unknown}
 f - a scroll of enchant armour {unknown}
Potions
 b - a potion of magic


   Skills:
 - Level 2.1 Dodging
 - Level 2.0 Stealth
 + Level 2.5 Spellcasting
 + Level 2.7 Conjurations
 + Level 3.8 Fire Magic


You had 6 spell levels left.
You knew the following spells:

 Your Spells              Type           Power      Damage    Failure   Level
a - Foxfire               Conj/Fire      52%        2x1d6     4%          1

Your spell library contained the following spells:

 Spells                   Type           Power      Damage    Failure   Level
 Scorch                   Fire           30%        2d7       5%          2
 Inner Flame              Hex/Fire       8%         N/A       24%         3
 Kindle Blastsparks       Fire/Tloc/Air  12%        2d11      32%         3
 Flame Wave               Conj/Fire      13%        2d6       43%         4
 Summon Cactus Giant      Summ           1%         N/A       100%        6


Dungeon Overview and Level Annotations

Branches:
Dungeon (2/15)

Altars:


Innate Abilities, Weirdness & Mutations

You have a beak for a mouth.
You have claws for feet.


Message History

The quokka is heavily wounded.
You conjure some foxfire!
The foxfire hits the quokka.
You kill the quokka!
Your foxfire dissipates!
Your foxfire dissipates!
Magic restored.
You now have 77 gold pieces (gained 15).
An adder comes into view.
Found 18 gold pieces.
The adder hisses angrily.
Found 15 gold pieces.
You hit the adder but do no damage. You claw the adder.
The adder is moderately wounded.
The adder bites you but does no damage. The adder bites you.
You are poisoned.
The adder poisons you!
You feel sick. The adder bites you.
You feel sick. The adder closely misses you.
The adder attacks as you move away! The adder bites you.
You are more poisoned.
The adder poisons you!
You feel sick. The adder misses you.
You conjure some foxfire!
You feel sick. The adder bites you.
You are lethally poisoned!
The adder poisons you!
You are too injured to fight recklessly!
You are too injured to fight recklessly!
You are too injured to fight recklessly!
The adder attacks as you move away! The adder bites you.
* * * LOW HITPOINT WARNING * * *
You are more poisoned.
The adder poisons you!
* * * LOW HITPOINT WARNING * * *
You feel very sick.
The foxfire hits the adder.
The adder is moderately wounded.
The foxfire hits the adder.
The adder is severely wounded.
It was a potion of flight.
You feel more buoyant.
You die...

#.....#.#.#...#.......#
..........###.........#
........#.....#.#.+...+
............#.....#...#
........#.#.....###...#
............#.#.# #...#
..........#.......
.......S..........#
.......@ยง.#.#.....#
.#####........#####
##########


You could see an adder.

Vanquished Creatures
  A gnoll (D:1)
  2 ball pythons (D:1)
  2 endoplasms (D:1)
  A giant cockroach (D:1)
  4 goblins (D:1)
  4 hobgoblins (D:1)
  3 kobolds (D:1)
  4 quokkas
  2 bats (D:1)
  2 rats (D:1)
25 creatures vanquished.

Vanquished Creatures (others)
  84 foxfires
84 creatures vanquished.

Grand Total: 109 creatures vanquished

Notes
Turn   | Place    | Note
-------+----------+-------------------------------------------
     0 | D:1      | cforsyth the Tengu Fire Elementalist began the quest for
                  | the Orb.
     0 | D:1      | Reached XP level 1. HP: 10/10 MP: 4/4
    25 | D:1      | Reached XP level 2. HP: 15/15 MP: 0/6
   510 | D:1      | Reached XP level 3. HP: 19/19 MP: 4/7
  1288 | D:2      | Succumbed to an adder's poison

Illustrated notes

Levels and vault maps discovered:
D:1:      lemuel_arrival_hallway, layout_loops_ring, serial_glass,
          glass_columns_a, glass_columns_c, glass_columns_a, glass_columns_a,
          glass_columns_a, due_unseen_surprise
D:2:      layout_basic, hangedman_decor_points, chequers_serial_rivers_large_a,
          grunt_ministairs_11, minmay_joined_circles

Skill      XL: |  1 |
---------------+----+-----
Conjurations   | 2 |  2.7
Dodging        | |  2.1
Stealth        | |  2.0
Spellcasting   | |  2.5
Fire Magic     | |  3.8

Action                     || total
---------------------------++-------
  Melee: Unarmed           ||     2
         Kick              ||     1
   Cast: Foxfire           ||    49
    Use: Potion            ||     1
 Armour: Robe              ||     2
  Dodge: Dodged            ||     7

Table legend: (Time is in decaauts)
 A = Elapsed time spent in this place.
 B = Non-inter-level travel time spent in this place.
 C = Inter-level travel time spent in this place.
 D = Time resting spent in this place.
 E = Time spent auto-exploring this place.
 F = Levels seen in this place.
 G = Mean time per level.
                   A        B        C        D        E       F      G
               +--------+--------+--------+--------+--------+-----+--------+
         Total |   1287 |   1249 |     38 |      0 |   1093 |   2 |  643.5 |
       Dungeon |   1287 |   1249 |     38 |      0 |   1093 |   2 |  643.5 |
               +--------+--------+--------+--------+--------+-----+--------+

Top non-repeatable levels by time:
     D:1: 1232 daAuts
     D:2: 54 daAuts
